 Dungeon Crawl Stone Soup version 0.30-a0-937-ga0a21ad780 (webtiles) character file.

Game seed: 1360770279477644774

186 Ghostmaker01 the Shield-Bearer (level 6, -1/31 HPs)
             Began as a Meteoran Fighter on Mar 24, 2023.
             Slain by a gnoll
             ... wielding a +0 spear
              (3 damage)
             ... on level 3 of the Dungeon.
             The game lasted 00:03:35 (1476 turns).

Ghostmaker01 the Shield-Bearer (Meteoran Fighter)   Turns: 1476, Time: 00:03:36

Health: -1/31      AC:  7    Str: 20    XL:     6   Next: 19%
Magic:  7/7        EV: 10    Int:  9    God:
Gold:   126        SH:  5    Dex: 14    Spells: 5/5 levels left

rFire   . . .      SeeInvis .    a - +0 war axe
rCold   . . .      Faith    .    c - +0 buckler
rNeg    . . .      Spirit   .    b - +0 scale mail
rPois   .          Reflect  .    (no helmet)
rElec   .          Rampage  .    u - scarf {repulsion}
rCorr   .                        (no gloves)
Will    .....                    (no boots) Stlth
                                 (no amulet)
HPRegen 0.25/turn                (no ring)
MPRegen 0.10/turn                (no ring)

@: glowing, repel missiles
A: sense surroundings 1, otherworldly, glowing, explore regen
a: no special abilities


You were on level 3 of the Dungeon.
You visited 1 branch of the dungeon, and saw 3 of its levels.

You collected 126 gold pieces.

Inventory:

Hand Weapons
 a - a +0 war axe (weapon)
 n - a +0 long sword of venom
Missiles
 v - a throwing net (quivered)
Armour
 b - a +0 scale mail (worn)
 c - a +0 buckler (worn)
 u - a scarf of repulsion (worn)
Jewellery
 t - an amulet of magic regeneration
Wands
 r - a wand of roots (7)
Scrolls
 e - a scroll of noise {unknown}
 f - a scroll of amnesia {unknown}
 h - a scroll of enchant armour {unknown}
 j - a scroll of teleportation {unknown}
 l - a scroll of identify {unknown}
 m - a scroll of poison {unknown}
 o - a scroll of magic mapping {unknown}
 q - 2 scrolls of enchant weapon {unknown}
 w - a scroll of fear {unknown}
Potions
 d - a potion of might
 g - a potion of brilliance {unknown}
 i - a potion of berserk rage {unknown}
 k - 2 potions of flight {unknown}
 p - 3 potions of heal wounds {unknown}
 s - 2 potions of attraction {unknown}


   Skills:
 + Level 3.6 Fighting
 + Level 4.1 Axes
 + Level 4.6 Armour
 + Level 2.2 Dodging
 + Level 5.0 Shields


You had 5 spell levels left.
You didn't know any spells.
Your spell library contained the following spells:

 Spells                   Type           Power      Damage    Failure   Level
 Ozocubu's Armour         Ice            0%         N/A       99%         3
 Metabolic Englaciation   Hex/Ice        0%         N/A       100%        5
 Simulacrum               Ice/Necr       0%         N/A       100%        6


Dungeon Overview and Level Annotations

Branches:
Dungeon (3/15) Zot: 652

Altars:

Shops:
D:2 *[=   D:3 (


Innate Abilities, Weirdness & Mutations

You passively map a small area around you.
You are easily found by Zot.
You glow in the dark.
You regain HP and MP as you explore.


Message History

The gnoll barely misses you.
You are too injured to fight recklessly!
You are too injured to fight recklessly!
You are too injured to fight recklessly!
You are too injured to fight recklessly!
You are too injured to fight recklessly!
You are too injured to fight recklessly!
You are too injured to fight recklessly!
You are too injured to fight recklessly!
Aiming: Fastroot
Press: ? - help, Shift-Dir - straight line, f - rat
Aim: a rat The roots erupt in riotous growth!
Roots grab the orc.
Roots grab the ball python.
Roots grab the gnoll.
Roots grab the hobgoblin.
Roots grab the orc.
Roots grab the gnoll.
The grasping roots constrict the gnoll. x2
The grasping roots constrict the hobgoblin.
The grasping roots constrict the ball python.
You kill the ball python!
The grasping roots constrict the orc.
You kill the orc!
The grasping roots constrict the orc, but do no damage.
You block the gnoll's attack.
The hobgoblin struggles to escape constriction.
You block the orc's attack. The gnoll closely misses you.
The grasping roots constrict the gnoll. x2
The grasping roots constrict the hobgoblin.
You kill the hobgoblin!
The grasping roots constrict the orc!
You kill the orc!
The roots release their grip on the gnoll. x2
You block the gnoll's attack. The gnoll hits you with a +0 spear!
* * * LOW HITPOINT WARNING * * *
Things that are here:
a +0 hand axe; an orc corpse You closely miss the gnoll.
The gnoll is severely wounded.
You hit the orc but do no damage. You hit the gnoll.
The gnoll hits you with a +0 spear.
You die...

, ,* * ,
#...#.#..#.... *
#..#.....#....
#.............* *
##...........#. ,
*
##.....#.g.r.....
,, *,
#........g...#...
#.....))og.###...
, ,
#...#...@g.......
...
...>.............
.(.
...##.###.#.##.(,
, ... . ... #...#
* ... .... ##..##
##. * ,
....####...# ...
, ...∩.....#.## *
* ...
...#####....#
#.##.###. ,
#######..##
#.......#


You could see 4 gnolls, an orc and a rat.

Vanquished Creatures
  Natasha (thrice) (D:2)
  3 gnolls (D:3)
  2 adders
  A worm (D:2)
  3 dart slugs
  2 orcs (D:3)
  6 ball pythons
  3 endoplasms
  2 giant cockroaches
  3 goblins
  6 hobgoblins
  6 kobolds
  8 bats
  5 frilled lizards
  9 rats
62 creatures vanquished.

Notes
Turn   | Place    | Note
-------+----------+-------------------------------------------
     0 | D:1      | Ghostmaker01 the Meteoran Fighter began the quest for the
                  | Orb.
     0 | D:1      | Reached XP level 1. HP: 19/19 MP: 2/2
   101 | D:1      | Reached skill level 4 in Shields
   101 | D:1      | Reached XP level 2. HP: 21/26 MP: 3/3
   237 | D:1      | Reached XP level 3. HP: 29/31 MP: 4/4
   471 | D:1      | Glimpsed the power of Zot.
   520 | D:1      | Glimpsed the power of Zot.
   583 | D:2      | Found Waacvusmuq's Assorted Antiques.
   731 | D:2      | Reached XP level 4. HP: 35/38 MP: 5/5
   759 | D:2      | Found Kaibext's Armour Shop.
   762 | D:2      | Noticed Natasha
   771 | D:2      | Killed Natasha
   781 | D:2      | Noticed Natasha
   795 | D:2      | Killed Natasha
   796 | D:2      | Reached XP level 5. HP: 32/45 MP: 6/6
   812 | D:2      | Noticed Natasha
   823 | D:2      | Killed Natasha
  1041 | D:2      | Glimpsed the power of Zot.
  1087 | D:2      | Glimpsed the power of Zot.
  1127 | D:2      | Glimpsed the power of Zot.
  1137 | D:2      | Touched by the power of Zot.
  1235 | D:2      | Glimpsed the power of Zot.
  1285 | D:2      | Glimpsed the power of Zot.
  1304 | D:2      | Found Rohelo's Jewellery Boutique.
  1325 | D:2      | Glimpsed the power of Zot.
  1334 | D:2      | Touched by the power of Zot.
  1435 | D:3      | Reached skill level 5 in Shields
  1436 | D:3      | Reached XP level 6. HP: 24/31 MP: 7/7
  1459 | D:3      | Found Mebul's Antique Weapon Shoppe.
  1475 | D:3      | HP: 1/31 [gnoll/+0 spear (8)]
  1476 | D:3      | Slain by a gnoll

Illustrated notes

Levels and vault maps discovered:
D:1:      dpeg_arrival_three_bigger_balls, layout_basic, nrook_mini_vaults,
          minmay_tromino_v4_a
D:2:      layout_basic, serial_shops, shop, shop, nicolae_diamond_shop,
          amcnicky_mini_corridor_feature, minivault_23, minivault_19,
          uniq_natasha
D:3:      layout_rooms, serial_shops, shop

Skill      XL: |  1  2  3  4  5  6 |
---------------+-------------------+-----
Shields        | 4 5 |  5.0
Axes           | 3 4 |  4.1
Armour         | 4 |  4.6
Dodging        | 2 |  2.2
Fighting       | |  3.6

Action                     |  1- 3 |  4- 6 || total
---------------------------+-------+-------++-------
  Melee: War axe           |    96 |    88 ||   184
  Evoke: Wand              |       |     1 ||     1
 Armour: Scale mail        |    44 |    32 ||    76
  Dodge: Dodged            |    45 |    36 ||    81
         Repelled          |       |     1 ||     1
  Block: Buckler           |    33 |    23 ||    56

Table legend: (Time is in decaauts)
 A = Elapsed time spent in this place.
 B = Non-inter-level travel time spent in this place.
 C = Inter-level travel time spent in this place.
 D = Time resting spent in this place.
 E = Time spent auto-exploring this place.
 F = Levels seen in this place.
 G = Mean time per level.
                   A        B        C        D        E       F      G
               +--------+--------+--------+--------+--------+-----+--------+
         Total |   1546 |   1479 |     67 |      0 |   1004 |   3 |  515.3 |
       Dungeon |   1546 |   1479 |     67 |      0 |   1004 |   3 |  515.3 |
               +--------+--------+--------+--------+--------+-----+--------+

Top non-repeatable levels by time:
     D:2: 914 daAuts
     D:1: 565 daAuts
     D:3: 66 daAuts
